 Dungeon Crawl Stone Soup version 0.18.1-48-g4cf74bf (webtiles) character file.

34 Lennu the Firebug (level 3, -2/30 HPs)
             Began as a Naga Fire Elementalist on June 30, 2016.
             Slain by an adder (3 damage)
             ... on level 2 of the Dungeon.
             The game lasted 00:05:25 (1586 turns).

Lennu the Firebug (Naga Fire Elementalist)          Turns: 1586, Time: 00:05:26

Health: -2/30      AC:  2    Str: 10    XL:     3   Next: 31%
Magic:  0/6        EV: 10    Int: 16    God:
Gold:   44         SH:  0    Dex: 11    Spells: 1 memorised, 5 levels left

rFire  . . .     SeeInvis +     n - +0 mace
rCold  . . .     Gourm    .     a - +0 robe
rNeg   . . .     Faith    .     (no shield)
rPois  +         Spirit   .     (no helmet)
rElec  .         Dismiss  .     (no cloak)
rCorr  .         Reflect  .     (no gloves)
SustAt .         Harm     .     (no barding)
MR     .....                    (no amulet)
Stlth  ++........               (no ring)
                                (no ring)

@: very slightly contaminated, very slow, not resistant to hostile enchantments,
unstealthy
A: see invisible, deformed body, poison resistance, slowness 2, slow metabolism
1, spit poison 2, AC +1
a: Spit Poison


You were on level 2 of the Dungeon.
You were not hungry.

You visited 1 branch of the dungeon, and saw 2 of its levels.

You collected 44 gold pieces.

Inventory:

Hand Weapons
 n - a +0 mace (weapon)
Armour
 a - a +0 robe (worn)
Wands
 q - a wand of teleportation (3/9)
Scrolls
 d - a scroll of immolation {unknown}
 f - a scroll of noise {unknown}
 h - a scroll of random uselessness {unknown}
 m - 2 scrolls of blinking {unknown}
Potions
 e - 2 potions of agility {unknown}
 i - 2 potions of curing {unknown}
 j - a potion of brilliance {unknown}
 l - a potion of resistance {unknown}
 p - a potion of magic {unknown}
Books
 b - a book of Flames

   Spells                             Type                      Level
   a - Flame Tongue                   Conjuration/Fire             1
   b - Throw Flame                    Conjuration/Fire             2
   c - Conjure Flame                  Conjuration/Fire             3
   d - Inner Flame                    Hexes/Fire                   3
   e - Sticky Flame                   Conjuration/Fire             4
   f - Fireball                       Conjuration/Fire             5
Comestibles
 c - 4 bread rations
 g - a beef jerky
 k - a meat ration


   Skills:
 * Level 0.4 Fighting
 * Level 0.1 Armour
 * Level 2.1 Dodging
 - Level 3.2 Stealth
 + Level 2.1 Spellcasting
 + Level 1.3 Conjurations
 + Level 3.3 Fire Magic


You had 5 spell levels left.
You knew the following spells:

 Your Spells              Type           Power        Failure   Level  Hunger
a - Flame Tongue          Conj/Fire      #....        10%         1    #......


Dungeon Overview and Level Annotations

Branches:
Dungeon (2/15)

Altars:


Innate Abilities, Weirdness & Mutations

You cannot wear boots.
Your serpentine skin is tough (AC +1).
You have supernaturally acute eyesight.
Armour fits poorly on your strangely shaped body.
Your system is resistant to poisons.
You cover ground very slowly.
You have a slow metabolism.
You can spit poison.


Message History

Aim: an adder You miscast Flame Tongue.
You are very lightly contaminated with residual magic.
Nothing appears to happen.
The adder bites you but does no damage. The adder barely misses you.
The adder bites you.
* * * LOW HITPOINT WARNING * * *
You hit the adder.
The adder is moderately wounded.
The adder bites you.
* * * LOW HITPOINT WARNING * * *
You barely miss the adder.
The adder is moderately wounded.
The adder bites you.
* * * LOW HITPOINT WARNING * * *
The adder closely misses you.
You barely miss the adder.
The adder is moderately wounded.
The adder bites you.
You die...

#...###.................
#.#.....................
#.......#.......†......#
#.......#####..........#
#..............<........
#.......###.....<.).....
##....†..##..............
#........................
#.....#S@###.............
#..#....## #.............
#.###..## #..........)..
#.##..)# #.......#....#
#....†.# ......###....#
#...#.))# #.....)..
#....#.... ..!.........


You could see an adder.

Vanquished Creatures
  A dart slug (D:1)
  A giant gecko (D:1)
  3 bats (D:1)
  A giant cockroach (D:1)
  3 goblins
  5 hobgoblins
  2 jackals (D:1)
  7 kobolds
  4 rats
27 creatures vanquished.

Notes
Turn   | Place    | Note
--------------------------------------------------------------
     0 | D:1      | Lennu the Naga Fire Elementalist began the quest for the Orb.
     0 | D:1      | Reached XP level 1. HP: 15/15 MP: 3/3
   230 | D:1      | Reached XP level 2. HP: 22/22 MP: 5/5
  1440 | D:1      | Reached XP level 3. HP: 30/30 MP: 4/6
  1585 | D:2      | HP: 1/30 [adder (2)]
  1586 | D:2      | Slain by an adder

Skill      XL: |  1  2  3 |
---------------+----------+-----
Dodging        | 2 |  2.1
Fighting       | |  0.4
Armour         | |  0.1
Stealth        | |  3.2
Spellcasting   | |  2.1
Conjurations   | |  1.3
Fire Magic     | |  3.3

Action                   || total
-------------------------++-------
Melee: Unarmed           ||     4
       Mace              ||    28
       Club              ||     3
 Cast: Flame Tongue      ||    30
 Abil: Spit Poison       ||     7
 Stab: Sleeping          ||     1
  Eat: Chunk             ||     2
Armor: Robe              ||    14
Dodge: Dodged            ||    33
